[Event "GrandPrix_29.05"]
[Site "Chess.com"]
[Date "2020.05.29"]
[Round "7"]
[White "DenisQ"]
[Black "Kopytkin"]
[Result "1-0"]
[WhiteElo "2161"]
[BlackElo "2134"]
[TimeControl "600+2"]
[EndTime "12:32:18 PDT"]
[Termination "DenisQ won on time"]

1. Nf3 d5 2. c4 c6 3. cxd5 cxd5 4.
d4 Nc6 5. Nc3 Nf6 6. Bf4 a6 7.
Rc1 Bf5 8. e3 e6 9. Be2 Bd6 10.
Bxd6 Qxd6 11. O-O O-O 12. Na4 Nd7 13. Qd2 Rac8 14. a3 Ncb8 15. b4 b6 16. Rc3 b5 17. Nc5 Nb6 18. Qa2 Bg4 19. Rb1 Bxf3 20. Bxf3 N8d7 21. g3 g6 22. Kg2 Rc6 23. e4 Rfc8 24.
exd5 Nxd5 25. Bxd5 exd5 26. Re3 Nf6 27. Rbe1 R6c7 28.
Qe2 Kg7 29. Qf3 Ra8 30. g4 h6 31. h4 g5 32. hxg5 hxg5 33. Re5 Rh8 34. Rxg5+ Kf8 35.
Ne6+ Ke8 36. Nxc7+ Kd7 37. Nxd5 Qh2+ 38. Kf1 Qh1+ 39. Qxh1 Rxh1+ 40. Ke2 1-0

[Event "GrandPrix_29.05"]
[Site "Chess.com"]
[Date "2020.05.29"]
[Round "7"]
[White "Olga_Girya"]
[Black "Sergey_Krivenko"]
[Result "1-0"]
[WhiteElo "2220"]
[BlackElo "2079"]
[TimeControl "600+2"]
[EndTime "12:32:27 PDT"]
[Termination "Olga_Girya won by resignation"]

1. d4 d5 2. c4 c6 3. Nf3 Nf6 4. e3 a6 5. Nc3 Bf5 6. cxd5 cxd5 7. Ne5 Nc6 8. Nxc6 bxc6 9. Bd2 e6 10. Rc1 Bb4 11.
Qa4 Qb6 12. a3 Bxc3 13. Bxc3 O-O 14. Qa5 Qb3 15. f3 Nd7 16. Be2 Nb6 17. Bd1 Qb5 18. Qxb5 cxb5 19. b3 Rfc8 20. Be2 Rc6 21. g4 Bg6 22. Kd2 Rac8 23. h4 h6 24. Rhe1 f6 25.
h5 Bh7 26. Bf1 Kf7 27. Bg2 Ke8 28. e4 Kd7 29. Bb2 Rxc1 30. Rxc1 Rxc1 31. Kxc1 Nc8 32.
Kd2 Nd6 33. Ke3 Nf7 34. Bc3 Nd8 35. Bb4 Ke8 36. exd5 exd5 37. f4 Bg8 38. Bc5 Be6 39. Bf3 Nc6 40. Kd3 Ne7 41. Kc3 Nc6 42. Bd6 Kd7 43.
Bf8 Nd8 44. Bxg7 Ke7 45. Bxh6 Kf7 46. f5 1-0

[Event "GrandPrix_29.05"]
[Site "Chess.com"]
[Date "2020.05.29"]
[Round "7"]
[White "dzhumagaliev"]
[Black "eristeski7"]
[Result "0-1"]
[WhiteElo "2117"]
[BlackElo "2137"]
[TimeControl "600+2"]
[EndTime "12:32:30 PDT"]
[Termination "eristeski7 won - game abandoned"]

1. Nf3 Nf6 2. d4 g6 3. c4 Bg7 4.
Nc3 O-O 5. e4 d6 6. Be2 Na6 7.
O-O e5 8. Bg5 h6 9. Bh4 g5 10.
Bg3 Nh5 11. d5 Nf4 12. Nd2 f5 13. exf5 Bxf5 14. Bg4 Bd3 15. Re1 Nb4 16. Bxf4 exf4 17. Be6+ Kh8 18. Nde4 Bxc4 19. Qa4 a5 20. a3 b5 21. Qd1 Nd3 22. b3 Nxe1 23. bxc4 b4 24. Nb5 Nc2 25. Ra2 Nxa3 26. Nxa3 bxa3 27. Rxa3 f3 28.
gxf3 Qb8 29. h4 Qb2 30. Rb3 Qe5 31. hxg5 hxg5 32. Kg2 Rf4 33. Qb1 a4 34. Rb8+ Rxb8 35. Qxb8+ Kh7 36. Qb1 Kh6 37. Ng3 a3 38. Nf5+ Rxf5 39.
Bxf5 Qf4 40. Bh7 Qf7 41. Be4 Bb2 42. Qc2 Qf4 43. Bh7 Qf6 44. c5 a2 45. Bg8 Qg7 46.
cxd6 cxd6 47. Qc8 a1=Q 48. Qe6+ Qg6 49. Qh3+ Qh5 50. Qe6+ Bf6 0-1

[Event "GrandPrix_29.05"]
[Site "Chess.com"]
[Date "2020.05.29"]
[Round "7"]
[White "Forking_U"]
[Black "DaVinci81"]
[Result "0-1"]
[WhiteElo "2238"]
[BlackElo "2478"]
[TimeControl "600+2"]
[EndTime "12:32:32 PDT"]
[Termination "DaVinci81 won on time"]

1. e4 e5 2. Nf3 Nc6 3. d4 exd4 4.
Nxd4 Nf6 5. Nxc6 bxc6 6. e5 Qe7 7. Qe2 Nd5 8. c4 Nb6 9. Nc3 Qe6 10. Bd2 Bb4 11. Qe4 a5 12. Bd3 d5 13. exd6 cxd6 14. O-O-O Qxe4 15. Nxe4 d5 16. cxd5 cxd5 17. Nc3 Be6 18.
Be3 Bxc3 19. bxc3 Nd7 20. Bb5 Ke7 21. c4 Rhc8 22. Kb2 Rab8 23. a4 Nb6 24. Bxb6 Rxb6 25. cxd5 Bd7 26. d6+ Kf6 27. Rd5 Rcb8 28. Kc3 Bxb5 29.
axb5 Rxb5 30. Rxb5 Rxb5 31. Kc4 Rb8 32. Kd5 Rb2 33. Rd1 a4 34. d7 Ke7 35. Kc6 Kd8 36. Rd4 Rxf2 37. Rxa4 Rf6+ 38. Kd5 Rg6 39. g4 Kxd7 40. Ra7+ Ke8 41. h3 Re6 42. Rb7 h6 43. Kd4 Kf8 44. Rb5 g6 45. Rc5 Kg7 46. Rb5 Kf6 47. Rc5 Re1 48. Ra5 Rh1 49. Ra3 Kg5 50. Rf3 Kh4 0-1

[Event "GrandPrix_29.05"]
[Site "Chess.com"]
[Date "2020.05.29"]
[Round "7"]
[White "woodhy"]
[Black "ploky25"]
[Result "1-0"]
[WhiteElo "2100"]
[BlackElo "2075"]
[TimeControl "600+2"]
[EndTime "12:32:34 PDT"]
[Termination "woodhy won on time"]

1. e4 c5 2. Nf3 e6 3. d4 cxd4 4. Nxd4 Nc6 5. Nc3 Qc7 6. Be3 a6 7. Be2 Nf6 8. O-O Be7 9. Kh1 O-O 10. f4 d6 11. Rf3 Bd7 12. Rg3 b5 13. a3 Na5 14. Bd3 Nc4 15. Bc1 Rfe8 16. b3 Na5 17. Bb2 e5 18. fxe5 dxe5 19. Nf5 Bxf5 20. exf5 Nc6 21. Ne4 Nd4 22. Qf1 Qc6 23. Re1 Rad8 24. Ng5 Nh5 25. Rh3 Bxg5 26. Rxh5 Bd2 27. Be4 Qc7 28.
Rd1 Nxc2 29. f6 g6 30. Qe2 Ne3 31. Rxh7 Nxd1 32. Rg7+ Kh8 33. Bxg6 Nf2+ 34. Kg1 Bh6 35. Rxf7 Qc5 36. Rh7+ Kg8 37. f7+ Kf8 38. fxe8=Q+ Rxe8 39. Rf7+ Kg8 40. Rxf2 Rf8 41. Kf1 Rd8 42. Bd3 1-0

[Event "GrandPrix_29.05"]
[Site "Chess.com"]
[Date "2020.05.29"]
[Round "7"]
[White "BogdanBelyakov89"]
[Black "Vazgen352"]
[Result "1/2-1/2"]
[WhiteElo "2265"]
[BlackElo "2368"]
[TimeControl "600+2"]
[EndTime "12:32:36 PDT"]
[Termination "Game drawn by agreement"]

1. e4 e6 2. d4 d5 3. Nc3 dxe4 4. Nxe4 Nd7 5. Bd3 Ngf6 6. Qe2 Be7 7. Nf3 O-O 8. Bg5 Nd5 9. Bd2 Nb4 10. Bxb4 Bxb4+ 11. c3 Be7 12. h4 c5 13. dxc5 Qc7 14. Bc2 Nxc5 15. Nfg5 Nxe4 16. Bxe4 h6 17. Bh7+ Kh8 18. Bc2 e5 19. Qh5 Ba3 20. O-O-O Bg4 21. Qxg4 Qxc3 22. bxa3 Rac8 23. Qf5 Qa1+ 24. Kd2 Qc3+ 25. Ke2 Qxc2+ 26. Qxc2 Rxc2+ 27. Kd3 Rxf2 28. Ke3 Rxg2 29. Nf3 Rxa2 30. Nxe5 Rxa3+ 31. Rd3 Ra5 32. Nf3 Re8+ 33. Kf4 Re7 34. Rd6 g6 35. h5 Kg7 36. hxg6 fxg6 37. Rg1 g5+ 38. Kg3 Ra3 39. Rf1 Rf7 40. Kg2 Ra2+ 41.
Kg3 b5 42. Rfd1 Ra3 43. R1d3 Rxd3 44. Rxd3 b4 45. Ne5 Rb7 46. Rb3 a5 47. Nc6 Rb5 48.
Kf3 Kf6 49. Ke4 g4 50. Nd4 Re5+ 51. Kf4 h5 52. Rb1 Rd5 53. Ke4 Rd8 54. Rf1+ Kg6 55. Rc1 Re8+ 56. Kf4 Rf8+ 57. Ke4 g3 58. Nf3 b3 59.
Rg1 h4 60. Nxh4+ Kg5 61. Rxg3+ Kxh4 62. Rxb3 Kg4 63. Ra3 Rf5 64. Kd4 Kf4 65. Kc4 Ke4 66. Ra1 Ke3 67. Kb3 Kd2 68. Ka4 Kc3 69. Rc1+ Kd4 70.
Rc8 Rc5 1/2-1/2

[Event "GrandPrix_29.05"]
[Site "Chess.com"]
[Date "2020.05.29"]
[Round "7"]
[White "aleksandrovaleksei"]
[Black "elohunter1999"]
[Result "1-0"]
[WhiteElo "2406"]
[BlackElo "2195"]
[TimeControl "600+2"]
[EndTime "12:32:42 PDT"]
[Termination "aleksandrovaleksei won by resignation"]

1. d4 Nf6 2. c4 e6 3. Nc3 Bb4 4. e3 c5 5. Ne2 cxd4 6. exd4 d5 7. a3 Be7 8. c5 b6 9. b4 O-O 10. Bg5 a5 11. Rb1 axb4 12. axb4 bxc5 13. dxc5 Ba6 14. Nd4 Bxf1 15. Kxf1 e5 16. Nf5 d4 17. Ne4 Ra2 18.
Nxe7+ Qxe7 19. Nxf6+ gxf6 20. Bh6 Qe6 21. Qd3 Qg4 22. Qg3 Qxg3 23. hxg3 Rc8 24. Rh4 f5 25. Rh5 f6 26. Rxf5 Kf7 27. g4 Kg6 28. Rh5 Na6 29.
f4 e4 30. f5+ Kf7 31. Bf4 Kg7 32. Bh6+ Kg8 33. g5 Rb8 34. c6 Rb6 35. gxf6 Rxc6 36. b5 Rb6 37. Bf4 Nc5 38. Be5 d3 39. Rg5+ Kf8 40.
Bd4 d2 41. Bxc5+ Kf7 42. Bxb6 Kxf6 43. Bd8+ Kf7 44. Rd1 e3 45. Ke2 Ra3 46. Rg3 1-0

[Event "GrandPrix_29.05"]
[Site "Chess.com"]
[Date "2020.05.29"]
[Round "7"]
[White "Grebnev_A"]
[Black "Kostya_Nikologorskiy"]
[Result "1-0"]
[WhiteElo "2189"]
[BlackElo "2220"]
[TimeControl "600+2"]
[EndTime "12:32:45 PDT"]
[Termination "Grebnev_A won by resignation"]

1. c4 e5 2. Nc3 Nf6 3. g3 Bb4 4. Bg2 Bxc3 5. dxc3 O-O 6. e4 Na6 7. Ne2 c6 8. O-O Qe7 9. Qc2 Nc7 10. h3 Rd8 11. Rd1 d5 12. cxd5 cxd5 13. exd5 Ncxd5 14. c4 Nb4 15. Rxd8+ Qxd8 16. Qb3 a5 17. Be3 Bf5 18. Qc3 Nc2 19. Rc1 Nxe3 20. Qxe3 Qd3 21. Rc3 Qd1+ 22. Kh2 Bg4 23. Nc1 Re8 24. Nd3 e4 25. Nc5 Qb1 26. Nxb7 Qxb2 27. Nd6 Rd8 28. Nxe4 Nxe4 29. Bxe4 Be6 30.
Rc2 Qd4 31. c5 Kf8 32. Qf3 Ke7 33. c6 Qd6 34. Qe3 Rc8 35. Qg5+ Kf8 36. Qxa5 Qd4 37. Bg2 g6 38. Rd2 Qc4 39. Rd8+ Rxd8 40. Qxd8+ Kg7 41. c7 h5 42. h4 Qc5 43. a4 Bf5 44. Qb8 Be6 45.
a5 Qc4 46. Qb6 Qc3 47. a6 g5 48. a7 gxh4 49. a8=Q hxg3+ 50. fxg3 h4 51. Qf3 Qe5 52. Qbe3 1-0

[Event "GrandPrix_29.05"]
[Site "Chess.com"]
[Date "2020.05.29"]
[Round "7"]
[White "Salnaa"]
[Black "madamDD"]
[Result "0-1"]
[WhiteElo "2180"]
[BlackElo "2393"]
[TimeControl "600+2"]
[EndTime "12:32:48 PDT"]
[Termination "madamDD won by resignation"]

1. d4 Nf6 2. c4 b6 3. Nc3 Bb7 4. Nf3 e6 5. Qc2 d5 6. cxd5 Nxd5 7. e4 Nxc3 8. bxc3 Be7 9. Be3 O-O 10. h4 c5 11. e5 cxd4 12. Ng5 g6 13. Bxd4 Bxg5 14.
hxg5 Qxg5 15. Qd2 Qxd2+ 16. Kxd2 Nc6 17. f3 Rfd8 18. Ke3 Rac8 19. Bd3 f6 20. f4 fxe5 21. fxe5 Nxd4 22. cxd4 Bxg2 23. Rhc1 Bd5 24. Ba6 Rxc1 25. Rxc1 Rd7 26. a3 Rf7 27. Be2 Kg7 28. Rg1 Rc7 29. Kd2 Be4 30. Rg3 Rc2+ 31. Kd1 Rc7 32. Kd2 h6 33. Bg4 Kf7 34. a4 Rc4 35. Ra3 Rxd4+ 36.
Ke3 Rb4 37. a5 Bf5 38. axb6 axb6 39. Ra7+ Kf8 40. Ra8+ Ke7 41. Ra7+ Kd8 42. Ra8+ Kc7 43.
Bf3 b5 44. Ra7+ Kb6 45. Rb7+ Ka6 46. Rb8 Rb3+ 47. Ke2 Ka5 48. Bc6 h5 49. Bd7 h4 0-1

[Event "GrandPrix_29.05"]
[Site "Chess.com"]
[Date "2020.05.29"]
[Round "7"]
[White "AmilAbbasov"]
[Black "RogerFederer13"]
[Result "1-0"]
[WhiteElo "2257"]
[BlackElo "2103"]
[TimeControl "600+2"]
[EndTime "12:32:51 PDT"]
[Termination "AmilAbbasov won by checkmate"]

1. e4 c6 2. Nf3 d5 3. Nc3 Nf6 4.
e5 Ne4 5. d4 Nxc3 6. bxc3 c5 7.
Be3 e6 8. Be2 c4 9. O-O Ba3 10.
Bc1 Be7 11. Ne1 Qa5 12. Bd2 Nd7 13. f4 Nb6 14. Nf3 Bd7 15. Qe1 O-O-O 16. Qg3 g6 17.
Ng5 Rdf8 18. Qe3 Na4 19. g4 Ba3 20. Rab1 Bb2 21. Rf3 h5 22. gxh5 Rxh5 23. Rg3 Rhh8 24. Bf1 Ba3 25. Bc1 Be7 26. Bd2 Rh4 27. Rh3 Rxh3 28.
Qxh3 Ba3 29. Qh7 Be8 30. f5 Nxc3 31. Re1 Bb2 32. Qg7 Qb4 33. fxe6 fxe6 34. Nxe6 Rf7 35. Qg8 Qe7 36. Bh3 Kb8 37. Bg5 Qd7 38. Nc5 Ne2+ 39.
Kg2 Qc6 40. Bd7 Rxd7 41. Qxe8+ Kc7 42. Nxd7 Nxd4 43. Qd8# 1-0

[Event "GrandPrix_29.05"]
[Site "Chess.com"]
[Date "2020.05.29"]
[Round "7"]
[White "tsvet2005"]
[Black "GMMarcinDziuba"]
[Result "0-1"]
[WhiteElo "2293"]
[BlackElo "2500"]
[TimeControl "600+2"]
[EndTime "12:32:52 PDT"]
[Termination "GMMarcinDziuba won by resignation"]

1. d4 Nf6 2. c4 g6 3. Nc3 Bg7 4. e4 d6 5. Be2 O-O 6. Be3 e5 7. d5 c6 8. Nf3 Ng4 9. Bg5 f6 10. Bh4 c5 11. Nd2 h5 12. h3 Nh6 13. a3 Na6 14. g4 hxg4 15. hxg4 Nf7 16. Rb1 Bh6 17. b4 Kg7 18. Nb3 cxb4 19. axb4 Nxb4 20. c5 a5 21. Na4 Qe7 22. Nb6 Rb8 23. Nxa5 dxc5 24. Nac4 Nd6 25.
Nxd6 Qxd6 26. Nc4 Qd8 27. Nxe5 Qe7 28. g5 Bxg5 29. Bxg5 fxg5 30. Nf3 Qxe4 31. Rb3 Bg4 32. Kf1 Nxd5 33. Rd3 Nf6 34. Re3 Qd5 35. Re7+ Rf7 36. Qxd5 Nxd5 37. Rxf7+ Kxf7 38. Ne5+ Ke6 39. Nxg4 b5 40.
Bf3 Nf4 41. Rh7 Rd8 42. Ke1 b4 43. Rb7 c4 44. Ne3 c3 45. Nc2 Rd2 46. Nxb4 Rb2 47. Na6 Nd3+ 48. Kf1 Rxf2+ 49. Kg1 Rxf3 50. Rc7 Nf4 51.
Nb4 Kf5 52. Rc4 g4 53. Na2 g3 54. Nxc3 Rxc3 0-1

[Event "GrandPrix_29.05"]
[Site "Chess.com"]
[Date "2020.05.29"]
[Round "7"]
[White "hubertsmazak"]
[Black "MikaelyanArman1996"]
[Result "1/2-1/2"]
[WhiteElo "2419"]
[BlackElo "2303"]
[TimeControl "600+2"]
[EndTime "12:33:02 PDT"]
[Termination "Game drawn by stalemate"]

1. d4 Nf6 2. c4 g6 3. Nc3 Bg7 4. e4 d6 5. Be2 O-O 6. Nf3 c5 7. O-O cxd4 8. Nxd4 Nc6 9. Nc2 Nd7 10. Bd2 Nc5 11. b4 Ne6 12. Rb1 a5 13. a3 axb4 14.
axb4 Ned4 15. Nxd4 Nxd4 16. Bd3 Ra3 17. Re1 Be6 18.
Qc1 Qa8 19. Qd1 Rc8 20. Bf1 Bxc4 21. Bxc4 Rxc4 22. Nd5 Qe8 23. Bg5 f6 24. Ne3 Rc7 25.
Qxd4 fxg5 26. Qd5+ Qf7 27. Qxg5 Ra2 28. Qd5 Rxf2 29.
Rec1 Rxc1+ 30. Rxc1 Qxd5 31. Nxd5 Bd4 32. Kh1 e6 33. Nc7 Be3 34. Rd1 Kf7 35. Nb5 Rd2 36. Nxd6+ Ke7 37. Rxd2 Bxd2 38. Nb5 Bxb4 39. Kg1 Kd7 40.
Kf2 e5 41. Ke2 Kc6 42. Na7+ Kb6 43. Nc8+ Kc7 44. Na7 b5 45. Kd3 Kb6 46. Nc8+ Kc6 47. Na7+ Kc5 48. Nc8 Be1 49. Ne7 b4 50. Nd5 Bf2 51. Nf6 h5 52. Nd7+ Kd6 53. Nf8 g5 54. Nh7 g4 55. Nf6 Bd4 56. Kc4 Bc3 57. Nxh5 Ke6 58.
Ng3 Kf6 59. Ne2 Be1 60. Nc1 Kg5 61. Nd3 Bc3 62. g3 Bd4 63. Kxb4 Bg1 64. Nxe5 Bxh2 65. Nxg4 Kxg4 66. e5 Bxg3 67. e6 Bh4 68. Kc5 Be7+ 69.
Kc6 Kf5 70. Kd7 Kf6 71. Ke8 Kxe6 1/2-1/2

[Event "GrandPrix_29.05"]
[Site "Chess.com"]
[Date "2020.05.29"]
[Round "7"]
[White "econpower"]
[Black "DinaBelenkaya"]
[Result "1-0"]
[WhiteElo "2203"]
[BlackElo "1598"]
[TimeControl "600+2"]
[EndTime "12:33:10 PDT"]
[Termination "econpower won by resignation"]

1. c4 e5 2. g3 Nc6 3. Bg2 g6 4. Nc3 Bg7 5. e3 Nge7 6. Nge2 O-O 7. O-O d6 8. Rb1 Be6 9. Nd5 Qd7 10. d3 Nd8 11. b4 c6 12. Nxe7+ Qxe7 13. b5 f5 14. bxc6 bxc6 15. Ba3 Qd7 16. Qa4 g5 17. f4 Rc8 18.
d4 gxf4 19. dxe5 fxe3 20. Bxd6 Re8 21. Nd4 c5 22. Qxd7 Bxd7 23. Bd5+ Kh8 24. Nf3 Nc6 25. Ng5 Nxe5 26. Rb7 e2 27. Re1 Nd3 28. Nf7+ Kg8 29. Ne5+ Kh8 30. Nxd3 Bd4+ 31. Kg2 Bc6 32. Bxc6 Rxc6 33.
Rb8 Rxb8 34. Bxb8 Rb6 35. Bf4 Re6 36. Kf3 Ra6 37. Be5+ Bxe5 38. Nxe5 Ra3+ 39. Kf2 Rxa2 40. Rxe2 Ra4 41. Rc2 Kg7 42. Ke3 a5 43. Kf4 Ra1 44. Nd7 Rf1+ 45. Ke5 a4 46. Nxc5 a3 47. Ra2 Rf3 48. Kd4 Kf6 49. Nd3 Kg5 50. Rxa3 f4 51. gxf4+ Kh4 52. c5 h5 53. c6 Rxd3+ 54. Rxd3 Kg4 55.
c7 Kh4 56. f5 Kg5 57. c8=Q Kh4 1-0

[Event "GrandPrix_29.05"]
[Site "Chess.com"]
[Date "2020.05.29"]
[Round "7"]
[White "Nikame"]
[Black "Yurovskykh_Alexander"]
[Result "1-0"]
[WhiteElo "2405"]
[BlackElo "2186"]
[TimeControl "600+2"]
[EndTime "12:33:11 PDT"]
[Termination "Nikame won by resignation"]

1. d4 d5 2. Bg5 h6 3. Bh4 c6 4. e3 Qb6 5. Qc1 Bf5 6. Nf3 e6 7. Be2 Be7 8. O-O Bxh4 9. Nxh4 Nf6 10. Nxf5 exf5 11. c4 dxc4 12. Bxc4 Nbd7 13. Qc2 g6 14.
Nc3 O-O 15. a3 a5 16. Rab1 Qd8 17. Ba2 Qe7 18. Rfe1 Kg7 19. Qb3 Ra7 20. h3 Rfa8 21. d5 a4 22. Qd1 cxd5 23. Nxd5 Nxd5 24. Qxd5 Nf6 25. Qd4 b5 26. Rbd1 Rd7 27. Qc3 Rad8 28. Rxd7 Qxd7 29. Rc1 Qd2 30. Qxd2 Rxd2 31. Rc7 Rd7 32.
Rxd7 Nxd7 33. Bd5 Ne5 34. Kf1 Nd3 35. Bc6 b4 36. axb4 Nxb2 37. Ke2 Kf6 38. Kd2 Ke5 39. Kc2 a3 40. Bf3 f4 41. exf4+ Kd4 42. Kb3 Nd3 43. Kxa3 Nxf2 44. Ka4 Nd3 45. Ka5 Nxf4 46. b5 Nd3 47.
b6 Nc5 48. Kb5 f5 49. b7 Nxb7 50. Bxb7 Ke3 51. Kc5 g5 52. Kd6 g4 53. hxg4 fxg4 54. Ke5 h5 55. Kf5 Kf2 56. Kg5 Kg3 57. Kxh5 Kf4 58.
Kh4 g3 59. Kh3 1-0

[Event "GrandPrix_29.05"]
[Site "Chess.com"]
[Date "2020.05.29"]
[Round "7"]
[White "KuzubovYuriy"]
[Black "Vuk2000"]
[Result "0-1"]
[WhiteElo "2370"]
[BlackElo "2361"]
[TimeControl "600+2"]
[EndTime "12:33:13 PDT"]
[Termination "Vuk2000 won by resignation"]

1. d4 e6 2. c4 Nf6 3. Nf3 b6 4. g3 Ba6 5. Qc2 Bb7 6. Bg2 c5 7. d5 exd5 8. cxd5 Nxd5 9. O-O Be7 10. Rd1 Qc8 11. a3 h6 12. e4 Nc7 13. Nc3 Nc6 14. e5 Ne6 15. Be3 O-O 16. Nd5 Re8 17. Rac1 Bd8 18.
h4 Nc7 19. Bxh6 Nxd5 20. Bxg7 Kxg7 21. Rxd5 Nb4 22. axb4 Bxd5 23. Qd3 Bxf3 24. Qxf3 Bc7 25. Qg4+ Kf8 26. bxc5 Bxe5 27. Bxa8 Qxa8 28. cxb6 axb6 29. Qxd7 Qf3 30. Re1 Qf6 31. Kg2 Re6 32. b3 Rd6 33. Qc8+ Rd8 34. Qg4 Bd4 35. Re2 Bc5 36. b4 Bd4 37. h5 Rd5 38. Rd2 Rd6 39. h6 Be5 40. Qc8+ Ke7 41. Re2 Qe6 42. Qb7+ Rd7 43. Qe4 Bf6 44.
Qf3 Be5 45. h7 Rd8 46. Qh5 Qd5+ 47. f3 Kd6 48. Qh6+ Qe6 49. Rd2+ Ke7 50. Rxd8 Qxh6 0-1

[Event "GrandPrix_29.05"]
[Site "Chess.com"]
[Date "2020.05.29"]
[Round "7"]
[White "Valeriy_Neverov"]
[Black "bedgasm"]
[Result "0-1"]
[WhiteElo "2268"]
[BlackElo "2258"]
[TimeControl "600+2"]
[EndTime "12:33:13 PDT"]
[Termination "bedgasm won on time"]

1. d4 Nf6 2. Nf3 d5 3. Bf4 c5 4.
e3 Nc6 5. c3 Qb6 6. Qc1 Bf5 7.
Be2 h6 8. h3 e6 9. O-O Be7 10.
Nbd2 O-O 11. Nb3 Ne4 12. Nfd2 cxd4 13. Nxe4 Bxe4 14. exd4 Rac8 15. Qe3 a5 16. Qd2 a4 17. Nc1 Na5 18. Re1 g5 19. Bg3 Bg6 20. Bd3 Nc4 21.
Qc2 Qxb2 22. Bxg6 Qxa1 23. Nd3 Na3 24. Qe2 Qxc3 25. Qh5 Kg7 26. Bxf7 Rxf7 27. Rxe6 Qxd3 28. Qxh6+ Kg8 29. Be5 Bf6 30. Rxf6 Rxf6 31. Qxf6 Qb1+ 32. Kh2 Qh7 33. Qe6+ Qf7 34. Qxc8+ Kh7 35. h4 gxh4 36. Qh8+ Kg6 37. Qxh4 Qh7 38. Kg3 Qxh4+ 39. Kxh4 Nc4 40. Bf4 b5 41. Bc1 b4 42. f4 a3 43. g4 b3 44. f5+ Kf7 45. g5 bxa2 46. g6+ Kg8 47. f6 Nd6 0-1

[Event "GrandPrix_29.05"]
[Site "Chess.com"]
[Date "2020.05.29"]
[Round "7"]
[White "dosto07"]
[Black "Chessbuster123"]
[Result "1/2-1/2"]
[WhiteElo "1904"]
[BlackElo "1941"]
[TimeControl "600+2"]
[EndTime "12:33:18 PDT"]
[Termination "Game drawn by stalemate"]

1. e4 c5 2. Nf3 d6 3. Bb5+ Bd7 4.
Bxd7+ Qxd7 5. c4 g6 6. Nc3 Bg7 7. d4 cxd4 8. Nxd4 Nf6 9. f3 Nc6 10. Be3 O-O 11. Rc1 e6 12. O-O Rfd8 13. Qd2 d5 14.
exd5 exd5 15. c5 Rac8 16. Rfd1 Ne5 17. Bg5 Rxc5 18. Nb3 Rcc8 19. Bxf6 Bxf6 20. Nxd5 Bg7 21. Rxc8 Rxc8 22. Qg5 f6 23. Qxf6 Kh8 24. Qg5 Nc4 25. Ne3 Qe6 26. Nxc4 Qxc4 27. Rd8+ Rxd8 28. Qxd8+ Qg8 29.
Qd7 Bxb2 30. Qxb7 Qe8 31. Qe4 Qd7 32. Qc2 Bd4+ 33. Kf1 Be5 34. g3 Qd5 35. Kg2 Kg7 36. Nd2 h5 37. Ne4 h4 38. gxh4 Qd8 39. Ng5 Qf6 40.
Qe4 Bd6 41. Qb7+ Qe7 42. Qb2+ Qe5 43. Qxe5+ Bxe5 44. f4 Bb2 45. Kf3 Kh6 46. Kg4 Bc3 47.
Ne6 Bb2 48. Nc5 a5 49. a4 Ba1 50. Ne4 Bb2 51. Ng3 Ba1 52. h5 gxh5+ 53. Nxh5 Bb2 54. f5 Bd4 55. h3 Bb2 56. Ng3 Bc1 57.
Ne4 Kg7 58. f6+ Kg6 59. h4 Bb2 60. h5+ Kh6 61. Kf5 Kxh5 62. Ke6 Kg6 63. f7 Bg7 64. Nc5 Kg5 65. Ke7 Kf5 66. Nb3 Ke5 67. Nxa5 Kd5 68.
Nb3 Kc4 69. a5 Kb5 70. f8=Q Bxf8+ 71. Kxf8 Kc6 72. Ke7 Kc7 73. Ke6 Kc6 74. Ke5 Kb5 75. Kd4 Kc6 76. Kc4 Kb7 77. Kb5 Ka7 78. a6 Kb8 79.
Nd4 Ka8 80. Kb6 Kb8 81. Nb5 Ka8 82. a7 1/2-1/2

[Event "GrandPrix_29.05"]
[Site "Chess.com"]
[Date "2020.05.29"]
[Round "7"]
[White "larrylarsen"]
[Black "ebret"]
[Result "0-1"]
[WhiteElo "1168"]
[BlackElo "2010"]
[TimeControl "600+2"]
[EndTime "12:33:24 PDT"]
[Termination "ebret won on time"]

1. d4 d5 2. c4 c6 3. Nf3 Nf6 4. e3 Bf5 5. Bd3 Bg6 6. Bxg6 hxg6 7. Qb3 Qc7 8. Nc3 e6 9. Bd2 Nbd7 10. h3 Be7 11.
Rc1 Qb6 12. O-O O-O 13. Rfe1 Rab8 14. Qc2 dxc4 15. Nd1 Qc7 16. Qxc4 e5 17. dxe5 Nxe5 18. Nxe5 Qxe5 19. e4 Rfd8 20. Rc2 Rd4 21. Qb3 Rxe4 22. Ne3 Bd6 23. g3 Nd5 24. Kg2 a5 25. Nc4 Qe6 26. Rd1 a4 27. Qd3 Bc7 28. a3 Rd8 29. Qf3 Nf6 30. Ne3 Qb3 31. Rdc1 Be5 32. Bc3 Bxc3 33.
Rxc3 Qxb2 34. Ng4 Nxg4 35. hxg4 Re2 36. Qf4 Rxf2+ 37. Qxf2 Rd2 38. R1c2 Rxf2+ 39. Kxf2 Qb6+ 40. Kg2 Qd4 41. g5 Qd5+ 42. Kf2 Qxg5 43. Rc4 Qf5+ 44. Kg2 g5 45. R2c3 g4 46. Rxa4 Qd5+ 47. Kh2 Qd2+ 48. Kh1 Qxc3 49. Rxg4 Qe1+ 50. Kg2 Qe2+ 51. Kh3 Qe6 52.
a4 g6 53. a5 g5 0-1

[Event "GrandPrix_29.05"]
[Site "Chess.com"]
[Date "2020.05.29"]
[Round "7"]
[White "GadimbayliA"]
[Black "Matibar"]
[Result "1/2-1/2"]
[WhiteElo "2507"]
[BlackElo "2407"]
[TimeControl "600+2"]
[EndTime "12:33:26 PDT"]
[Termination "Game drawn by repetition"]

1. e4 d5 2. exd5 Qxd5 3. Nc3 Qd8 4. d4 Nf6 5. Nf3 Bg4 6. Be2 c6 7. O-O Nbd7 8. Bf4 e6 9. h3 Bxf3 10. Bxf3 Be7 11. Qe2 O-O 12. Rad1 Nb6 13. Ne4 Nxe4 14. Bxe4 Nd5 15. Bc1 b5 16. c3 g6 17. Bc2 Bg5 18. f4 Bf6 19. a4 a6 20. g4 Re8 21. Qf3 Ra7 22. Kh1 Bg7 23. Rf2 Rd7 24. Rdf1 Qc7 25.
h4 c5 26. dxc5 Qxc5 27. axb5 axb5 28. h5 f5 29. hxg6 hxg6 30. gxf5 gxf5 31. Rg1 Kf8 32. Rfg2 Bf6 33. Rg8+ Ke7 34. Qh5 Rxg8 35. Rxg8 Qf2 36. Rg2 Qa7 37. Bb3 Kd6 38. Rh2 Rg7 39. Qd1 Qb7 40. Be3 Rg3 41. Bf2 Rg4 42. Rg2 Qh7+ 43. Kg1 Qh3 44. Bxd5 exd5 45. Rxg4 fxg4 46. Qe1 Qf3 47. Bg3 Kd7 48. Qf2 Qxf2+ 49. Kxf2 Ke6 50. Ke2 Kf5 51. Kd3 Bg7 52. Ke3 Bf6 53. Kd3 Bg7 54. Ke3 Bh6 55. Bh2 Bg7 56. Bg3 1/2-1/2

[Event "GrandPrix_29.05"]
[Site "Chess.com"]
[Date "2020.05.29"]
[Round "7"]
[White "rasmussvane"]
[Black "Lukianoo"]
[Result "1/2-1/2"]
[WhiteElo "2530"]
[BlackElo "2601"]
[TimeControl "600+2"]
[EndTime "12:33:29 PDT"]
[Termination "Game drawn by repetition"]

1. Nf3 Nf6 2. g3 b5 3. d4 Bb7 4.
Bg2 e6 5. Bg5 c5 6. c3 h6 7.
Bxf6 Qxf6 8. O-O Qd8 9. Nbd2 cxd4 10. Nxd4 Bxg2 11. Kxg2 Qb6 12. e4 Be7 13. e5 O-O 14. Qf3 Nc6 15. Nxc6 dxc6 16. Ne4 Rad8 17. Rad1 Rd5 18.
Nf6+ Bxf6 19. exf6 g6 20. Rxd5 cxd5 21. Rd1 Rc8 22. Rd4 Rc4 23. Qe3 Qd8 24. Rxc4 bxc4 25.
Qxa7 Qxf6 26. a4 Qf5 27. h4 Qe4+ 28. Kh2 e5 29. a5 d4 30. cxd4 exd4 31. a6 d3 32. Qd7 Qa8 33. Qb7 Qd8 34. a7 d2 35.
a8=Q d1=Q 36. Qbc8 Qxc8 37. Qxc8+ Kh7 38. Qxc4 Qf3 39.
Qd4 Qb3 40. Qc3 Qa2 41. Kg1 Qb1+ 42. Kg2 Qe4+ 43. Qf3 Qc4 44. b3 Qe6 45. b4 Kg8 46. b5 Kf8 47. Qb7 Qd6 48. b6 Kg7 49. Kg1 Qd1+ 50. Kh2 Qd4 51. Kg2 Qd6 52. Qc7 Qd5+ 53. Kg1 Qd1+ 54. Kh2 Qd4 55. Kg2 Qd5+ 56. Kg1 Qd1+ 57.
Kh2 Qd4 58. Qf4 Qxb6 59. Qf3 Qd4 60. Kg2 h5 61. Kg1 f6 62. Kg2 Qe5 63. Qb7+ Kh6 64.
Qf3 g5 65. hxg5+ fxg5 66. Qf8+ Kg6 67. Qg8+ Qg7 68. Qe6+ Qf6 69. Qg8+ Qg7 70. Qe6+ Qf6 71. Qg8+ Qg7 1/2-1/2

[Event "GrandPrix_29.05"]
[Site "Chess.com"]
[Date "2020.05.29"]
[Round "7"]
[White "arminmusovic"]
[Black "2346PL"]
[Result "1-0"]
[WhiteElo "2251"]
[BlackElo "2096"]
[TimeControl "600+2"]
[EndTime "12:33:29 PDT"]
[Termination "arminmusovic won by resignation"]

1. a3 d5 2. Nc3 Nf6 3. d3 d4 4. Ne4 Nxe4 5. dxe4 e5 6. Nf3 Nc6 7. e3 Bg4 8. h3 Bh5 9. Bb5 Bc5 10. Qe2 O-O 11. O-O Qf6 12. Bxc6 Qxc6 13. g4 Bg6 14. Nxe5 Qxe4 15. Nd7 Bb6 16. Nxf8 Rxf8 17. Bd2 Qxc2 18. exd4 Qxb2 19. d5 Qb3 20. Be3 Bd3 21. Qd1 Qxd5 22. Bxb6 axb6 23. Re1 h5 24. Re3 Rd8 25.
gxh5 Rd6 26. Qg4 Bf5 27. Qg5 Kh7 28. Rae1 Be6 29. Re5 Qf3 30. R5e3 Qd5 31. Qh4 Qf5 32. Rg3 Rd2 33. Rg5 Qf3 34. h6 g6 35. Rge5 Bd5 36. Rxd5 Rxd5 37. Kh2 Rf5 38. Rf1 g5 39. Qg3 Kxh6 40. Qxc7 b5 41. Qd8 Kh7 42. Rg1 Qxf2+ 43.
Rg2 Qf4+ 44. Kh1 Qe5 45. Qd3 Kh6 46. Qd2 Rf1+ 47. Rg1 Qe4+ 48. Kh2 Rxg1 49. Kxg1 Qf3 50. Qd6+ Kh5 51. Qd7 Kh4 52. Qd8 Kxh3 53. Qc8+ g4 54. Qh8+ 1-0